 Dungeon Crawl Stone Soup version 0.31-a0-844-gdc52ec4e09 (webtiles) character file.

Game seed: 10211562752649381800

193 LeprechaunX the Changeling (level 5, -2/35 HPs)
             Began as an Octopode Shapeshifter on Sept 28, 2023.
             Slain by a gnoll
             ... wielding a +0 club
              (7 damage)
             ... on level 3 of the Dungeon.
             The game lasted 00:03:20 (1919 turns).

LeprechaunX the Changeling (Octopode Shapeshifter)  Turns: 1919, Time: 00:03:21

Health: -2/35      AC:  1    Str: 15    XL:     5   Next: 72%
Magic:  5/5        EV: 13    Int: 12    God:
Gold:   131        SH:  0    Dex: 12    Spells: 4/4 levels left

rFire   . .          .
                       - Unarmed
rCold   . . .        (no shield)
rNeg    . . .        (helmet currently unavailable)
rPois   .            (no amulet)
rElec   .            (no ring)
rCorr   .            (no ring)
SInv    .            (no ring)
Will    .....        (no ring)
Stlth   ++           (no ring)
HPRegen 0.25/turn    (no ring)
MPRegen 0.09/turn    (no ring)
                     (no ring)

%: no passive effects
@: beast-form
A: beast (slay +2), almost no armour, amphibious, 8 rings, camouflage 1,
gelatinous body 1, (nimble swimmer 1), tentacles
a: Begin Untransformation


You were on level 3 of the Dungeon.
You were a hulking beast.
You visited 1 branch of the dungeon, and saw 3 of its levels.

You collected 131 gold pieces.

Inventory:

Missiles
 m - 6 boomerangs
Jewellery
 i - a +6 ring of strength
Talismans
 b - a beast talisman (active)
 c - a flux talisman
 j - a maw talisman
Scrolls
 e - a scroll of identify {unknown}
 g - a scroll of butterflies {unknown}
 k - a scroll of enchant weapon {unknown}
Potions
 a - a potion of lignification
 d - 4 potions of curing {unknown}
 f - 3 potions of heal wounds {unknown}
 h - a potion of degeneration {unknown}
 l - a potion of mutation {unknown}


   Skills:
 + Level 2.3 Fighting
 + Level 3.0 Dodging
 + Level 3.8 Unarmed Combat
 * Level 4.4 Shapeshifting


You had 4 spell levels left.
You didn't know any spells.
Your spell library contained the following spells:

 Spells                   Type           Power      Damage    Failure   Level
 Dazzling Flash           Conj/Hex       0%         N/A       69%         3
 Volatile Blastmotes      Fire/Tloc      0%         2d10      69%         3
 Starburst                Conj/Fire      0%         6d3       100%        6
 Maxwell's Capacitive Co  Air            0%         ∞         100%        8


Dungeon Overview and Level Annotations

Branches:
Dungeon (3/15)

Altars:
Zin

Shops:
D:1 (   D:2 ?[=


Innate Abilities, Weirdness & Mutations

You are a hulking beast.
Your limbs bulge with bestial killing power. (Slay +2)
You cannot wear most types of armour.
You are amphibious.
You can wear up to eight rings at the same time.
Your skin changes colour to match your surroundings (Stealth+).
Your rubbery body absorbs attacks. (AC +1, EV +1)
((You are camouflaged when in or above water. (Stealth+)))
You have tentacles for arms and can constrict up to eight enemies at once.


Message History

There are monsters nearby!
There are monsters nearby!
Found a stone staircase leading up.
A gnoll comes into view. It is wielding a +0 club.
Found 5 stones.
The gnoll shouts!
A gnoll comes into view.
It is wielding a +2 halberd of protection.
The gnoll shouts!
The goblin shouts!
The gnoll hits you with a +0 club.
The gnoll hits you from afar with a +2 halberd of protection!
The goblin unwields a +0 dagger.
The goblin wields a +0 sling.
The goblin shoots a sling bullet.
The sling bullet closely misses you.
You tentacle-slap the gnoll. You grab the gnoll.
The gnoll is moderately wounded.
You constrict the gnoll.
The gnoll hits you from afar with a +2 halberd of protection!
The gnoll struggles to escape constriction.
You are too injured to fight recklessly!
You are too injured to fight recklessly!
You are too injured to fight recklessly!
You are too injured to fight recklessly!
You are too injured to fight recklessly!
You are too injured to fight recklessly!
You are too injured to fight recklessly!
You are too injured to fight recklessly!
You are too injured to fight recklessly!
You are too injured to fight recklessly!
You are too injured to fight recklessly!
You are too injured to fight recklessly!
You are too injured to fight recklessly!
You are too injured to fight recklessly!
You are too injured to fight recklessly!
Unknown command.
You release your grip on the gnoll.
The goblin shoots a sling bullet.
The sling bullet hits you.
* * * LOW HITPOINT WARNING * * *
The goblin shoots a sling bullet.
The sling bullet hits you but does no damage.
The gnoll attacks as it pursues you! The gnoll hits you with a +0 club!
You die...

..).._..'.#%##.##..#
..#.....###..#.##....
..#.≈≈≈.####...##.####
..#.....#....####.#
###+###'#.....#..<####
.##..#..##...........#####
.......###................
.[....#######......#...#
#...............hg.g.#
...#.##########!...g....#
##...# #..g#...#.# #..##
#...#...(.. ##.#
########.... ###.# ####
..#.## #....####
####....#######


You could see 3 gnolls and a goblin.

Vanquished Creatures
  An orc priest (D:3)
  4 gnolls
  3 adders
  An ufetubus (D:3)
  A worm (D:3)
  3 dart slugs
  5 orcs (D:3)
  9 ball pythons
  3 bats (D:2)
  6 endoplasms
  2 giant cockroaches
  5 hobgoblins
  9 jackals
  8 kobolds
  A quokka (D:3)
  12 frilled lizards
  4 goblins
  5 rats
82 creatures vanquished.

Notes
Turn   | Place    | Note
-------+----------+-------------------------------------------
     0 | D:1      | LeprechaunX the Octopode Shapeshifter began the quest for
                  | the Orb.
     0 | D:1      | Reached XP level 1. HP: 13/13 MP: 1/1
    55 | D:1      | Found Duegor's Antique Weapon Boutique.
   103 | D:1      | Reached XP level 2. HP: 14/18 MP: 2/2
   294 | D:1      | Reached XP level 3. HP: 20/23 MP: 3/3
   784 | D:2      | Found Hiotusa's Jewellery Shop.
   871 | D:2      | Reached XP level 4. HP: 26/29 MP: 4/4
  1028 | D:2      | Found Rirririak's Armour Boutique.
  1045 | D:2      | Found Harhybbia's Magic Scroll Shoppe.
  1160 | D:2      | Found a faded altar of an unknown god.
  1271 | D:2      | Reached skill level 4 in Shapeshifting
  1417 | D:3      | Reached XP level 5. HP: 16/34 MP: 5/5
  1565 | D:3      | Found a glowing silver altar of Zin.
  1919 | D:3      | Slain by a gnoll

Illustrated notes

Levels and vault maps discovered:
D:1:      giann_horns, layout_loops_ring, serial_shops, nicolae_shop_dealshenge,
          grunt_decor_cap, serial_park_tiny_2, minmay_misc_feat_five
D:2:      layout_rooms, serial_shops, shop, nicolae_shop_peninsula, shop,
          shapermc_ecumenical_altar_mp_vishouse, minmay_lizard_pond
D:3:      layout_rooms, mainiacjoe_overflow_six_doors_small,
          minmay_close_crescents

Skill      XL: |  1  2  3  4  5 |
---------------+----------------+-----
Shapeshifting  | 4 |  4.4
Fighting       | 2 |  2.3
Dodging        | 3 |  3.0
Unarmed Combat | |  3.8

Action                     |  1- 3 |  4- 6 || total
---------------------------+-------+-------++-------
  Melee: Unarmed           |    74 |    87 ||   161
         Tentacles         |    13 |     9 ||    22
         Constrict         |    18 |    26 ||    44
         Punch             |     1 |     1 ||     2
   Stab: Sleeping          |     6 |     5 ||    11
         Distracted        |     1 |       ||     1
 Armour: Skin              |    20 |    36 ||    56
  Dodge: Dodged            |    29 |    67 ||    96

Table legend: (Time is in decaauts)
 A = Elapsed time spent in this place.
 B = Non-inter-level travel time spent in this place.
 C = Inter-level travel time spent in this place.
 D = Time resting spent in this place.
 E = Time spent auto-exploring this place.
 F = Levels seen in this place.
 G = Mean time per level.
                   A        B        C        D        E       F      G
               +--------+--------+--------+--------+--------+-----+--------+
         Total |   1907 |   1826 |     81 |     43 |   1397 |   3 |  635.7 |
       Dungeon |   1907 |   1826 |     81 |     43 |   1397 |   3 |  635.7 |
               +--------+--------+--------+--------+--------+-----+--------+

Top non-repeatable levels by time:
     D:1: 781 daAuts
     D:2: 601 daAuts
     D:3: 524 daAuts
